 Dungeon Crawl Stone Soup version 0.19.0-2-gae57169 (webtiles) character file.

173 hurricos the Grappler (level 5, -1/41 HPs)
             Began as a Formicid Skald on Nov 6, 2016.
             Slain by a scorpion (3 damage)
             ... on level 4 of the Dungeon.
             The game lasted 00:03:26 (2438 turns).

hurricos the Grappler (Formicid Skald)              Turns: 2438, Time: 00:03:27

Health: -1/41      AC:  3    Str: 16    XL:     5   Next: 83%
Magic:  1/9        EV: 11    Int: 18    God:
Gold:   114        SH:  0    Dex: 10    Spells: 4 memorised, 3 levels left

rFire  . . .     SeeInvis +     e - +0 spear
rCold  . . .     Gourm    .     b - +0 leather armour
rNeg   . . .     Faith    .     (no shield)
rPois  .         Spirit   .     (helmet unavailable)
rElec  .         Reflect  .     (no cloak)
rCorr  .         Harm     .     (no gloves)
MR     .....                    (no boots)
Stlth  +.........               (no amulet)
                                (no ring)
                                (no ring)

@: brilliant, infused (expiring), very slightly contaminated
A: permanent stasis, dig shafts and tunnels, four strong arms, antennae 3
a: Dig, Shaft Self


You were on level 4 of the Dungeon.
You were not hungry.

You visited 1 branch of the dungeon, and saw 4 of its levels.

You collected 114 gold pieces.

Inventory:

Hand Weapons
 a - a +1 dagger of pain
 e - a +0 spear (weapon)
Armour
 b - a +0 leather armour (worn)
Wands
 q - a wand of digging (16/24)
 s - a wand of random effects (31/48)
Scrolls
 h - 3 scrolls of identify {unknown}
 l - a scroll of remove curse {unknown}
 p - a scroll of immolation {unknown}
 r - a scroll of noise {unknown}
Potions
 k - a potion of curing
Books
 c - a book of Battle

   Spells                             Type                      Level
   a - Infusion                       Charms                       1
   b - Shroud of Golubria             Charms/Translocation         2
   c - Song of Slaying                Charms                       2
   d - Spectral Weapon                Hexes/Charms                 3
   e - Regeneration                   Charms/Necromancy            3
 n - a book of Changes

   Spells                             Type                      Level
   a - Beastly Appendage              Transmutation                1
   b - Sticks to Snakes               Transmutation                2
   c - Spider Form                    Transmutation/Poison         3
   d - Ice Form                       Ice/Transmutation            4
   e - Blade Hands                    Transmutation                5
Comestibles
 d - 2 bread rations
 f - a beef jerky
 i - 5 fruits
 t - a meat ration


   Skills:
 - Level 3.2 Fighting
 - Level 2.5 Polearms
 - Level 1.1 Armour
 - Level 0.8 Dodging
 * Level 9.4 Unarmed Combat
 - Level 2.8 Spellcasting
 - Level 3.2 Charms
 + Level 7.0 Transmutations


You had 3 spell levels left.
You knew the following spells:

 Your Spells              Type           Power        Failure   Level  Hunger
a - Beastly Appendage     Tmut           #####.       1%          1    None
b - Infusion              Chrm           ###.         1%          1    None
c - Shroud of Golubria    Chrm/Tloc      ###.......   2%          2    ##.....
S - Song of Slaying       Chrm           ###.....     1%          2    ##.....


Dungeon Overview and Level Annotations

Branches:
Dungeon (4/15)
 Temple: D:4-7

Altars:
Gozag

Annotations:
D:3 Kilrog's ghost, amateur GrFi


Innate Abilities, Weirdness & Mutations

You are under a permanent stasis effect.
You can dig through walls and to a lower floor.
Your four strong arms can wield two-handed weapons with a shield.
You have a pair of large antennae on your head. (SInv)


Message History

It was a potion of brilliance.
You feel clever all of a sudden.
* * * LOW HITPOINT WARNING * * *
You feel sick. The scorpion closely misses you.
It was a potion of experience.
You feel more experienced!
Your Unarmed Combat skill gained 8 levels and is now at level 9!
Your Transmutations skill gained 7 levels and is now at level 7!
You have reached level 5!
* * * LOW HITPOINT WARNING * * *
You feel sick. The scorpion stings you.
* * * LOW HITPOINT WARNING * * *
You are more poisoned.
The scorpion poisons you!
It was a potion of curing.
You feel better. The scorpion stings you.
* * * LOW HITPOINT WARNING * * *
It was a potion of berserk rage.
You cannot go berserk while under stasis.
The scorpion stings you.
You die...

#...# #...# ######
#...# ....# #...#
###
#..#######...##...
###.................
#...................
#.................
#@.#######...##...
......s..# #...# ...
.####.#.## #...# ...
.....# #...# #..
#.##.### #...# #.# #
#. #...###.# .
#..(..... ##
#.#.###.# #.###.....


You could see a scorpion.

Vanquished Creatures
  Ijyb (D:2)
  An adder (D:2)
  A worm (D:2)
  An orc (D:4)
  A ball python (D:1)
  6 bats
  A giant cockroach (D:2)
  8 goblins
  5 hobgoblins
  4 jackals (D:1)
  A quokka (D:2)
  2 frilled lizards (D:2)
  8 kobolds
  6 rats
46 creatures vanquished.

Notes
Turn   | Place    | Note
-------+----------+-------------------------------------------
     0 | D:1      | hurricos the Formicid Skald began the quest for the Orb.
     0 | D:1      | Reached XP level 1. HP: 16/16 MP: 3/3
   236 | D:1      | Reached XP level 2. HP: 13/22 MP: 5/5
   283 | D:1      | Learned a level 2 spell: Song of Slaying
   286 | D:1      | Learned a level 2 spell: Shroud of Golubria
   481 | D:1      | HP: 1/22 [gnoll/flail (10)]
   759 | D:2      | Reached XP level 3. HP: 25/27 MP: 4/7
  1092 | D:2      | Reached skill level 1 in Unarmed Combat
  1117 | D:2      | HP: 1/27 [poisoned by an adder]
  1529 | D:2      | Noticed Ijyb
  1564 | D:2      | Killed Ijyb
  1564 | D:2      | Reached XP level 4. HP: 26/35 MP: 8/8
  1631 | D:2      | Learned a level 1 spell: Beastly Appendage
  1997 | D:3      | Found an opulent altar of Gozag.
  2125 | D:3      | Noticed Kilrog's ghost (amateur GrFi)
  2436 | D:4      | Reached skill level 9 in Unarmed Combat
  2436 | D:4      | Reached XP level 5. HP: 4/41 MP: 1/9
  2436 | D:4      | HP: 2/41 [scorpion (1)]
  2438 | D:4      | Slain by a scorpion

Skill      XL: |  1  2  3  4 |
---------------+-------------+-----
Unarmed Combat | 1 9 |  9.4
Fighting       | 3 |  3.2
Transmutations | 7 |  7.0
Polearms       | |  2.5
Armour         | |  1.1
Dodging        | |  0.8
Spellcasting   | |  2.8
Charms         | |  3.2

Action                   |  1- 3 |  4- 6 || total
-------------------------+-------+-------++-------
Melee: Spear             |   137 |    92 ||   229
       Kick              |       |     8 ||     8
 Cast: Infusion          |    10 |     2 ||    12
       Shroud of Golubri |     1 |     1 ||     2
       Song of Slaying   |     1 |       ||     1
       Beastly Appendage |       |    11 ||    11
  Use: Potion            |     2 |     5 ||     7
  Eat: Bread ration      |     1 |       ||     1
       Chunk             |       |     1 ||     1
Armor: Leather armour    |    20 |    15 ||    35
Dodge: Dodged            |    70 |    33 ||   103
